 Dungeon Crawl Stone Soup version 0.31-a0-435-g2c6fae2916 (webtiles) character file.

Game seed: 16909063712500068920

5492 Bnni the Carver (level 10, 0/93 HPs)
             Began as a Minotaur Fighter on Aug 1, 2023.
             Was a Priest of Elyvilon.
             Collided with a rock wall (11 damage)
             ... caused by Erica
             ... on level 8 of the Dungeon.
             The game lasted 00:11:21 (8173 turns).

Bnni the Carver (Minotaur Fighter)                  Turns: 8173, Time: 00:11:23

Health: 0/93       AC: 13    Str: 22    XL:     10   Next: 42%
Magic:  8/14       EV: 10    Int:  5    God:    Elyvilon [***...]
Gold:   437        SH:  6    Dex: 19    Spells: 9/9 levels left

rFire   . . .        J - +3 dagger (venom)
rCold   . . .        c - +0 buckler
rNeg    . . .        F - +4 ring mail
rPois   .            (helmet restricted)
rElec   .            (no cloak)
rCorr   .            e - +0 pair of gloves
SInv    .            m - +1 pair of boots
Will    .....        (no amulet)
Stlth   +            C - +6 ring of dexterity
HPRegen 0.35/turn    (no ring)
MPRegen 0.14/turn

%: no passive effects
@: no status effects
A: horns 2, retaliatory headbutt
a: Renounce Religion, Purification, Heal Other, Heal Self


You were on level 8 of the Dungeon.
You worshipped Elyvilon.
Elyvilon was most pleased with you.
You visited 2 branches of the dungeon, and saw 9 of its levels.

You collected 525 gold pieces.
You spent 88 gold pieces at shops.

Inventory:

Hand Weapons
 a - a +0 long sword
 J - a +3 dagger of venom (weapon)
Missiles
 y - 11 poisoned darts
 D - 11 boomerangs
Armour
 c - a +0 buckler (worn)
 e - a +0 pair of gloves (worn)
 m - a +1 pair of boots (worn)
 F - a +4 ring mail (worn)
Jewellery
 r - a ring of ice
 C - a +6 ring of dexterity (left hand)
Wands
 q - a wand of acid (8)
 s - a wand of paralysis (10)
 w - a wand of iceblast (19)
Scrolls
 b - a scroll of teleportation
 h - 2 scrolls of immolation
 i - a scroll of torment {unknown}
 l - 2 scrolls of noise {unknown}
 n - 2 scrolls of vulnerability {unknown}
 o - a scroll of fog {unknown}
 t - 2 scrolls of amnesia {unknown}
 u - 3 scrolls of revelation {unknown}
 v - 2 scrolls of fear {unknown}
 E - a scroll of blinking {unknown}
 H - a scroll of enchant weapon {unknown}
 I - a scroll of poison {unknown}
Potions
 d - 3 potions of might
 f - a potion of resistance {unknown}
 g - 5 potions of curing
 k - a potion of lignification {unknown}
 p - 2 potions of brilliance
 x - a potion of mutation {unknown}
 z - 4 potions of heal wounds
 A - 2 potions of attraction
 B - 2 potions of degeneration


   Skills:
 + Level 10.0 Fighting
 * Level 13.3 Long Blades
 - Level 3.6 Armour
 - Level 5.0 Shields
 + Level 7.1 Invocations


You had 9 spell levels left.
You didn't know any spells.
Your spell library contained the following spells:

 Spells                   Type           Power      Damage    Failure   Level
 Foxfire                  Conj/Fire      0%         2x1d4     71%         1
 Plasma Beam              Fire/Air       0%         2x1d10    100%        6
 Starburst                Conj/Fire      0%         6d3       100%        6
 Haunt                    Necr/Summ      0%         N/A       100%        7
 Borgnjor's Revivificati  Necr           0%         N/A       100%        8
 Death's Door             Necr           0%         N/A       100%        9


Dungeon Overview and Level Annotations

Branches:
Dungeon (8/15)             Temple (1/1) D:4            Lair (0/5) D:8

Altars:
Ashenzari
Dithmenos
Elyvilon
Fedhas
Hepliaklqana
Kikubaaqudgha
Makhleb
Okawaru
Ru
Sif Muna
Trog
Uskayaw
Vehumet
Wu Jian
Xom
Yredelemnul
Zin
The Shining One

Shops:
D:1 !   D:5 !   D:6 (

Annotations:
D:8 Erica
Temple 2 transporters


Innate Abilities, Weirdness & Mutations

You have a pair of horns on your head.
You reflexively headbutt those who attack you in melee.


Message History

You barely miss Erica. You headbutt Erica!
Erica is lightly wounded.
Erica hits you with a +0 scimitar of flaming.
Erica burns you.
You hit Erica.
Erica is poisoned.
You headbutt Erica!
Erica is moderately wounded.
You hit Erica but do no damage.
Erica looks even sicker.
Erica is moderately wounded.
Erica barely misses you.
You hit Erica.
Erica looks as sick as possible!
Erica is moderately wounded.
You closely miss Erica.
Erica is moderately wounded.
You block Erica's attack.
You barely miss Erica. Your headbutt misses Erica.
Erica is heavily wounded.
Erica casts a spell at you.
You are confused.
You feel purified! You block Erica's attack.
You barely miss Erica. You headbutt Erica, but do no damage.
Erica is heavily wounded.
You barely miss Erica.
Erica is heavily wounded.
Erica hits you with a +0 scimitar of flaming.
Erica burns you.
You hit Erica but do no damage.
Erica looks as sick as possible!
Erica is heavily wounded.
Erica gestures at you while chanting. The lance of force hits you!!
* * * LOW HITPOINT WARNING * * *
You are knocked back by the lance of force.
You slam into the rock wall!
* * * LOW HITPOINT WARNING * * *
You are healed.
Erica points at you and mumbles some strange words.
The lance of force hits you!!
* * * LOW HITPOINT WARNING * * *
You are knocked back by the lance of force.
You slam into the rock wall!
You die...

#........#.....@
.#........#......
.................
...(...)))......
#.(...)........
##.(..#)......#
#....#........
###.)#[..#....
##@.@###....
##..# .## #### #


You could see Erica (extremely poisoned).

Vanquished Creatures
  A two-headed ogre (D:8)
  Pikel (D:8)
  Maggie (D:8)
  Prince Ribbit (D:7)
  Sigmund (D:4)
  A yak (D:7)
  Eustachio (D:4)
  A human (D:3)
  2 steam dragons
  Edmund (D:4)
  3 water moccasins
  A black bear (D:4)
  An orc warrior (D:7)
  An ice beast (D:6)
  A sky beast (D:7)
  3 ogres
  The ghost of Kiciri the Ducker, an amateur DjMo (D:3)
  2 centaurs
  A phantom (D:4)
  2 kobold brigands
  Blork the orc (D:5)
  3 scorpions
  7 bullfrogs
  A gnoll sergeant (D:6)
  4 wights (D:8)
  3 howler monkeys
  3 hounds
  A gnoll bouda (D:4)
  3 orc priests
  A jelly (D:5)
  An iguana (D:6)
  3 orc wizards
  8 gnolls
  4 adders
  4 shadow imps
  2 worms
  A dart slug (D:5)
  30 orcs
  7 ball pythons
  7 endoplasms
  2 giant cockroaches
  4 goblins
  6 hobgoblins
  15 kobolds
  4 quokkas
  5 bats
  2 frilled lizards
  A jackal zombie (D:3)
  A kobold skeleton (D:3)
  A rat (D:1)
162 creatures vanquished.

Notes
Turn   | Place    | Note
-------+----------+-------------------------------------------
     0 | D:1      | Bnni the Minotaur Fighter began the quest for the Orb.
     0 | D:1      | Reached XP level 1. HP: 19/19 MP: 0/0
    24 | D:1      | Found Toohut's Distillery.
   230 | D:1      | Reached XP level 2. HP: 22/27 MP: 1/1
   489 | D:1      | Reached skill level 3 in Long Blades
  1264 | D:2      | Reached XP level 3. HP: 33/33 MP: 2/2
  2096 | D:3      | Found a large runed translucent door.
  2097 | D:3      | Found a large runed translucent door.
  2109 | D:3      | Noticed Kiciri's ghost (amateur DjMo)
  2157 | D:3      | Reached XP level 4. HP: 32/40 MP: 3/3
  2429 | D:3      | Found a bloodstained altar of Trog.
  2468 | D:3      | Found a runed translucent door.
  2468 | D:3      | Noticed a human
  2470 | D:3      | Found a basalt altar of Yredelemnul.
  2675 | D:3      | Killed Kiciri's ghost
  2676 | D:3      | Reached skill level 4 in Long Blades
  2676 | D:3      | Reached skill level 5 in Shields
  2676 | D:3      | Reached XP level 5. HP: 24/47 MP: 4/4
  2844 | D:3      | Killed a human
  2845 | D:3      | Reached skill level 5 in Fighting
  2845 | D:3      | Reached skill level 5 in Long Blades
  2845 | D:3      | Reached XP level 6. HP: 28/56 MP: 5/5
  2924 | D:4      | Found a staircase to the Ecumenical Temple.
  2955 | Temple   | Found a transporter.
  2955 | Temple   | Found a transporter.
  2955 | Temple   | Found a transporter.
  2955 | Temple   | Found a transporter.
  2955 | Temple   | Entered the Ecumenical Temple
  2973 | Temple   | Became a worshipper of Elyvilon the Healer
  3001 | D:4      | Found a glowing silver altar of Zin.
  3018 | D:4      | Found a blossoming altar of Fedhas.
  3023 | D:4      | Noticed Sigmund
  3041 | D:4      | Killed Sigmund
  3042 | D:4      | Reached skill level 6 in Long Blades
  3042 | D:4      | Reached skill level 1 in Invocations
  3305 | D:4      | Noticed Edmund
  3307 | D:4      | Noticed Eustachio
  3330 | D:4      | Killed Edmund
  3331 | D:4      | Reached skill level 7 in Long Blades
  3331 | D:4      | Reached XP level 7. HP: 49/62 MP: 5/7
  3357 | D:4      | Killed Eustachio
  3785 | D:4      | Reached * piety under Elyvilon
  4181 | D:5      | Entered Level 5 of the Dungeon
  4213 | D:4      | Reached skill level 8 in Long Blades
  4268 | D:5      | Reached XP level 8. HP: 68/71 MP: 9/9
  4698 | D:5      | Reached skill level 9 in Long Blades
  4755 | D:5      | Found an iron altar of Okawaru.
  4928 | D:5      | Noticed Blork the orc
  4938 | D:5      | Killed Blork the orc
  4944 | D:5      | Reached ** piety under Elyvilon
  4957 | D:5      | Found Qeijeaqu's Distillery.
  4965 | D:5      | Bought a potion of curing for 33 gold pieces
  4965 | D:5      | Bought a potion of heal wounds for 55 gold pieces
  5249 | D:6      | Reached skill level 10 in Long Blades
  5409 | D:6      | Found Hypysmea's Weapon Shoppe.
  5429 | D:6      | Reached XP level 9. HP: 39/81 MP: 11/11
  5745 | D:6      | Reached skill level 5 in Invocations
  6255 | D:7      | Reached skill level 11 in Long Blades
  6274 | D:7      | Reached *** piety under Elyvilon
  6283 | D:7      | Noticed Prince Ribbit
  6289 | D:7      | Killed Prince Ribbit
  7258 | D:7      | Reached **** piety under Elyvilon
  7655 | D:8      | Noticed Pikel
  7668 | D:7      | Reached skill level 12 in Long Blades
  7728 | D:8      | Killed Pikel
  7755 | D:7      | Reached XP level 10. HP: 39/91 MP: 13/13
  7972 | D:8      | Found a staircase to the Lair.
  8034 | D:8      | Noticed Erica
  8047 | D:8      | Noticed Maggie
  8065 | D:8      | Killed Maggie
  8066 | D:8      | Reached skill level 13 in Long Blades
  8136 | D:8      | Noticed a two-headed ogre
  8161 | D:8      | Killed a two-headed ogre
  8162 | D:8      | Reached skill level 10 in Fighting
  8173 | D:8      | Collided with a rock wall

Illustrated notes

Levels and vault maps discovered:
D:1:      roderic_crossed_star, layout_loops_corners, serial_shops,
          nicolae_shop_industrial_runoff, solitary_fountain, serial_park_tiny_2
D:2:      layout_loops_corners
D:3:      layout_loops_corners, mainiacjoe_overflow_paths,
          dk_yredelemnul_ordeal, ebering_ghost_disaster_area
D:4:      layout_basic, nicolae_overflow_squiral, minmay_temple_entry_mist,
          uniq_edmund, uniq_eustachio, uniq_sigmund
D:5:      layout_basic, okawaru_ov_weapons_minmay, serial_shops, shop,
          serial_glass, glass_columns_a, glass_columns_c, glass_columns_a,
          glass_columns_a, glass_columns_b, glass_columns_b, uniq_blork_the_orc
D:6:      layout_basic, serial_shops, nicolae_shop_tiny_waterfront
D:7:      layout_layer_cave, uniq_prince_ribbit1
D:8:      layout_cave_pools, overflow_temple_1_default,
          due_lair_maze_entry_diamond, uniq_pikel, uniq_maggie, uniq_erica
Temple:   hellmonk_temple_divided_pantheon

Skill      XL: |  1  2  3  4  5  6  7  8  9 10 |
---------------+-------------------------------+-----
Shields        | 4 5 |  5.0
Long Blades    | 3 4 5 7 8 10 12 13 | 13.3
Fighting       | 4 5 6 7 9 10 | 10.0
Invocations    | 1 3 4 6 7 |  7.1
Armour         | |  3.6

Action                     |  1- 3 |  4- 6 |  7- 9 | 10-12 || total
---------------------------+-------+-------+-------+-------++-------
  Melee: Long sword        |    96 |    84 |   373 |    62 ||   615
         Headbutt          |    12 |    15 |    73 |    19 ||   119
         Dagger            |       |       |    12 |    16 ||    28
  Throw: Dart              |       |       |       |     3 ||     3
 Invoke: Heal Self         |       |       |     1 |     5 ||     6
         Purification      |       |       |       |     1 ||     1
  Evoke: Wand              |       |     2 |     4 |     3 ||     9
    Use: Scroll            |       |       |       |     6 ||     6
   Stab: Paralysed         |       |    12 |     6 |       ||    18
 Armour: Scale mail        |    46 |       |       |       ||    46
         Plate armour      |     9 |    35 |   202 |       ||   246
         Ring mail         |       |       |    63 |    35 ||    98
  Dodge: Dodged            |    38 |     7 |   136 |    31 ||   212
  Block: Buckler           |    32 |     9 |   106 |    24 ||   171

Table legend: (Time is in decaauts)
 A = Elapsed time spent in this place.
 B = Non-inter-level travel time spent in this place.
 C = Inter-level travel time spent in this place.
 D = Time resting spent in this place.
 E = Time spent auto-exploring this place.
 F = Levels seen in this place.
 G = Mean time per level.
                   A        B        C        D        E       F      G
               +--------+--------+--------+--------+--------+-----+--------+
         Total |   8175 |   7851 |    324 |    557 |   6044 |   9 |  908.3 |
       Dungeon |   8138 |   7823 |    315 |    557 |   6044 |   8 | 1017.2 |
        Temple |     36 |     27 |      9 |      0 |      0 |   1 |   36.0 |
               +--------+--------+--------+--------+--------+-----+--------+

Top non-repeatable levels by time:
     D:7: 1843 daAuts
     D:4: 1383 daAuts
     D:3: 1168 daAuts
     D:1: 919 daAuts
     D:6: 878 daAuts
     D:2: 874 daAuts
     D:5: 862 daAuts
     D:8: 207 daAuts
  Temple: 36 daAuts
